 Dungeon Crawl Stone Soup version 0.18-a0-801-gb01a236 (webtiles) character file.

1490 JokEr the Fighter (level 8, 0/55 HPs)
             Began as a Gargoyle Fighter on Dec 14, 2015.
             Was a Believer of Okawaru.
             Killed from afar by a deep elf knight (34 damage)
             ... with a shard of ice
             ... on level 6 of the Dungeon.
             The game lasted 00:14:46 (6618 turns).

JokEr the Fighter (Gargoyle Fighter)                Turns: 6618, Time: 00:14:47

Health: 0/55       AC: 26    Str: 23    XL:     8   Next: 80%
Magic:  8/8        EV:  7    Int:  8    God:    Okawaru [**....]
Gold:   60         SH: 11    Dex:  9    Spells: 0 memorised, 7 levels left

rFire  . . .     SeeInvis .     r - +1 mace (protect)
rCold  . . .     Clarity  .     F - +0 plate armour
rNeg   + + .     SustAt   .     c - +0 shield
rPois  ∞         Gourm    .     E - +0 helmet
rElec  +         Spirit   .     (no cloak)
rCorr  .         Dismiss  .     (no gloves)
rMut   .         Stasis   .     (no boots)
MR     +....                    e - amulet of faith
Stlth  ..........               s - ring of positive energy
                                d - ring of protection from magic

@: heroism, somewhat resistant to hostile enchantments, extremely unstealthy
A: negative energy resistance 1, electricity resistance, unbreathing,
petrification resistance, rot immunity, AC +5
a: Heroism, Renounce Religion


You were on level 6 of the Dungeon.
You worshipped Okawaru.
Okawaru was pleased with you.
You were not hungry.

You visited 2 branches of the dungeon, and saw 7 of its levels.

You collected 190 gold pieces.
You spent 130 gold pieces at shops.

Inventory:

Hand Weapons
 r - a +1 mace of protection (weapon)
Armour
 c - a +0 shield (worn)
 E - a +0 helmet (worn)
 F - a +0 plate armour (worn)
Jewellery
 a - an uncursed ring of poison resistance
 d - a ring of protection from magic (left hand)
 e - an amulet of faith (around neck)
 i - an uncursed ring of poison resistance
 q - an uncursed amulet of rage
 s - a ring of positive energy (right hand)
 u - an uncursed ring of invisibility {unknown}
 A - an uncursed ring of protection from fire {unknown}
Wands
 k - a wand of digging (8)
 w - a wand of frost (37)
Scrolls
 p - a scroll of remove curse
 t - a scroll of enchant weapon {unknown}
 y - a scroll of magic mapping {unknown}
 z - a scroll of identify
 C - a scroll of enchant armour {unknown}
 D - a scroll of noise {unknown}
Potions
 g - a potion of invisibility {unknown}
 h - a potion of brilliance {unknown}
 l - 3 potions of magic {unknown}
 m - 4 potions of agility {unknown}
 n - a potion of ambrosia {unknown}
 o - 2 potions of mutation {unknown}
 x - a potion of heal wounds
Comestibles
 b - 2 royal jellies
 f - 2 bread rations
 j - 2 beef jerkies
 v - a meat ration


   Skills:
 + Level 8.4(13.4) Fighting
 + Level 7.2(12.2) Maces & Flails
 - Level 5.4(10.4) Armour
 - Level 3.2(8.2) Shields


You had 7 spell levels left.
You didn't know any spells.

Dungeon Overview and Level Annotations

Branches:
Dungeon (6/15)             Temple (1/1) D:4

Altars:
Ashenzari
Cheibriados
Dithmenos
Elyvilon
Fedhas
Gozag
Kikubaaqudgha
Makhleb
Okawaru
Pakellas
Sif Muna
Trog
Vehumet
Xom
Zin

Shops:
D:5 :*(*


Innate Abilities, Weirdness & Mutations

You are resistant to torment.
Your stone body is resilient (AC +5).
You are immune to poison.
You resist negative energy.
You are resistant to electric shocks.
You can survive without breathing.
You are immune to petrification.
You are immune to rotting.


Message History

The shadow imp disappears in a puff of smoke!
The river rat disappears in a puff of smoke! x2
The bat disappears in a puff of smoke!
The quasit disappears in a puff of smoke!
The ufetubus disappears in a puff of smoke!
You start resting.
You hear some strange, mumbled words.
A shard of ice appears from out of thin air!
The shard of ice misses you.
You hear some strange, mumbled words.
A shard of ice appears from out of thin air!
The shard of ice hits you!
Things that are here:
a rapier; a leather armour You start resting.
You hear some strange, mumbled words.
A shard of ice appears from out of thin air!
The shard of ice hits you!
Ouch! That really hurt!
You die...

..# #.# ##... ###
#####.##### ##+#
##.......(.# #.#
#........#.# #.#
#........# ##.#
#..###.§## ##...
#..#^#[.# #....
#..###.... ##...
#@.......######..#
#................#
###....(.#######.#
####### #.# #.#
#.# #.# #>#
###########..


There were no monsters in sight!

Vanquished Creatures
  Eustachio (D:6)
  An orc warrior (D:6)
  A black bear (D:6)
  2 sky beasts (D:5)
  A phantom (D:4)
  2 ogres
  A centaur (D:6)
  Blork the orc (D:4)
  2 giant frogs (D:6)
  A scorpion (D:5)
  A giant frog skeleton (D:5)
  An orc priest (D:4)
  Crazy Yiuf (D:2)
  3 orc wizards (D:6)
  3 worker ants
  5 adders
  An ooze (D:2)
  An adder skeleton (D:6)
  An adder zombie (D:5)
  4 worms (D:2)
  4 giant geckos
  20 orcs
  6 giant cockroaches
  10 hobgoblins
  2 jackals (D:3)
  10 kobolds
  A ball python (D:1)
  10 bats
  A giant gecko skeleton (D:3)
  4 giant newts
  8 goblins
  2 quokka skeletons (D:5)
  7 rats
119 creatures vanquished.

Notes
Turn   | Place    | Note
--------------------------------------------------------------
     0 | D:1      | JokEr the Gargoyle Fighter began the quest for the Orb.
     0 | D:1      | Reached XP level 1. HP: 14/14 MP: 1/1
   394 | D:1      | Reached XP level 2. HP: 17/19 MP: 2/2
   903 | D:1      | Reached XP level 3. HP: 21/24 MP: 3/3
  1360 | D:2      | Reached skill level 4 in Fighting
  1462 | D:2      | Reached XP level 4. HP: 29/29 MP: 4/4
  1463 | D:2      | Found a shadowy altar of Dithmenos.
  1488 | D:2      | Noticed Crazy Yiuf
  1492 | D:2      | Killed Crazy Yiuf
  1642 | D:2      | Found an oddly glowing altar of Pakellas.
  1743 | D:2      | Found an opulent altar of Gozag.
  2061 | D:2      | Reached XP level 5. HP: 21/34 MP: 5/5
  3322 | D:4      | Reached skill level 5 in Fighting
  3565 | D:4      | Noticed Blork the orc
  3566 | D:4      | Found a staircase to the Ecumenical Temple.
  3728 | D:4      | Killed Blork the orc
  3728 | D:4      | Reached XP level 6. HP: 40/40 MP: 6/6
  3784 | D:4      | Reached skill level 5 in Armour
  4147 | Temple   | Entered the Ecumenical Temple
  4350 | Temple   | Became a worshipper of Warmaster Okawaru
  4597 | D:5      | Entered Level 5 of the Dungeon
  4624 | D:5      | Found Bypheges's General Store.
  4632 | D:5      | Bought 2 potions of heal wounds for 130 gold pieces
  4650 | D:5      | Found Daqarenete's Book Boutique.
  4672 | D:5      | Found a shattered altar of Ashenzari.
  4960 | D:5      | Reached XP level 7. HP: 21/45 MP: 7/7
  5200 | D:5      | Reached skill level 6 in Fighting
  5323 | D:5      | Reached skill level 5 in Maces & Flails
  5324 | D:5      | Found Cachyex's Antique Weapon Boutique.
  5364 | D:5      | Found Ixutom's Assorted Antiques.
  5732 | D:5      | Found a deep blue altar of Sif Muna.
  5798 | D:5      | Reached * piety under Okawaru
  5924 | D:6      | Reached XP level 8. HP: 46/52 MP: 8/8
  5931 | D:6      | Reached skill level 7 in Fighting
  6183 | D:6      | HP: 1/53 [ogre/giant club (19)]
  6185 | D:6      | Reached ** piety under Okawaru
  6559 | D:6      | Reached skill level 8 in Fighting
  6561 | D:6      | Noticed a deep elf knight
  6592 | D:6      | Noticed Eustachio
  6612 | D:6      | Killed Eustachio
  6618 | D:6      | Killed from afar by a deep elf knight

Vault maps used:
D:1:      minmay_arrival_diagonal_passages
D:2:      lemuel_coloured_pillars_altar, lemuel_round_altar,
          grunt_pakellas_basics, uniq_crazy_yiuf_cottage
D:3:      wad_lake_hut
D:4:      first_bread, uniq_blork_the_orc
D:5:      basic_altar, serial_shops, nicolae_shop_trees, shop_statue,
          nicolae_shop_trees, nicolae_shop_crystal, evilmike_ruin_ashenzari
D:6:      black_bear_nest_2, nicolae_overflow_quartered_altars, sword_in_stone,
          uniq_grinder
Temple:   oiseaux_autumnal_temple_12

Action                   |  1- 3 |  4- 6 |  7- 9 || total
-------------------------+-------+-------+-------++-------
Melee: Flail             |   124 |   168 |       ||   292
       Mace              |       |   121 |   189 ||   310
Invok: Heroism           |       |       |     1 ||     1
  Use: Scroll            |       |     5 |     1 ||     6
       Potion            |       |     2 |     1 ||     3
  Eat: Chunk             |     2 |     7 |     3 ||    12
       Bread ration      |       |     1 |     1 ||     2
